 Dungeon Crawl Stone Soup version 0.32-a0-900-g30fb1b0edc (console) character file.

Game seed: 1526333287992090078

19 petzl the Sneak (level 2, -1/24 HPs)
             Began as a Formicid Delver on Apr 5, 2024.
             Slain by a lemure (5 damage)
             ... led by Pikel
             ... on level 3 of the Dungeon.
             The game lasted 00:03:10 (348 turns).

petzl the Sneak (Formicid Delver)                    Turns: 348, Time: 00:03:10

Health: -1/24      AC:  3    Str: 16    XL:     2   Next: 95%
Magic:  5/5        EV: 11    Int:  9    God:
Gold:   0          SH:  0    Dex: 15    Spells: 5/5 levels left

rFire   . . .        a - +0 mace
rCold   . . .        (no shield)
rNeg    . . .        b - +0 leather armour
rPois   .            (helmet unavailable)
rElec   .            (no cloak)
rCorr   .            (no gloves)
SInv    +            (no boots)
Will    .....        (no amulet)
Stlth   +++          (no ring)
HPRegen 0.24/turn    (no ring)
MPRegen 0.09/turn

%: no passive effects
@: no status effects
A: permanent stasis, dig shafts and tunnels, antennae 3, four strong arms
a: Dig, Shaft Self


You were on level 3 of the Dungeon.
You visited 1 branch of the dungeon, and saw 5 of its levels.

Inventory:

Hand Weapons
 a - a +0 mace (weapon)
Missiles
 g - 9 stones
Armour
 b - a +0 leather armour (worn)
Wands
 f - a wand of digging (3)
Scrolls
 c - a scroll of fog
 d - a scroll of revelation
Potions
 e - a potion of cancellation {unknown}


   Skills:
 - Level 3.2 Fighting
 - Level 2.0 Maces & Flails
 - Level 1.7 Dodging
 - Level 6.0 Stealth
 + Level 2.3 Spellcasting


You had 5 spell levels left.
You didn't know any spells.
Your spell library was empty.

Dungeon Overview and Level Annotations

Branches:
Dungeon (7/15)
 Temple: D:4-7

Altars:

Annotations:
D:3 exclusion: downstairs
D:4 Pikel


Innate Abilities, Weirdness & Mutations

You cannot be hasted, slowed, berserked, paralysed or teleported.
You can dig through walls and to a lower floor.
You have a pair of large antennae on your head. (SInv)
Your four strong arms can wield two-handed weapons with a shield.


Message History

You hit the bat.
You kill the bat!
No target in view!
No target in view!
You see here 9 stones.
g - 9 stones
There is a stone staircase leading down here.
You climb downwards.
The lemure shouts! x3; Pikel shouts!
A lemure comes into view.
The lemure barely misses you.
Found a glass wand.
There is a stone staircase leading up here.
The lemure hits you but does no damage.
You climb upwards.
Level annotation: exclusion: downstairs
There is a stone staircase leading down here.
You barely miss the lemure. The lemure hits you!
You hit the lemure.
The lemure is moderately wounded.
The lemure closely misses you.
You miss the lemure.
The lemure is moderately wounded.
The lemure hits you. The lemure barely misses you.
You hit the lemure.
The lemure is moderately wounded.
The lemure hits you.
Okay, then.
Unknown command.
Unknown command.
Okay, then.
You barely miss the lemure.
The lemure is moderately wounded.
The lemure hits you.
* * * LOW HITPOINT WARNING * * *
Are you sure you want to shaft yourself?
The lemure hits you but does no damage.
You begin to dig a shaft.
You continue digging a shaft.
The lemure hits you.
You die...

#........ ### #.#######
#########.# #.#
..........#####.####.#
####.................#
#.####.#####....#.# #
###.#........#
..#.#.##.....#+#
#.#.#.##.#......
#.#)............#
########.#.#.##.#.......
#..........#.#....#.....
#........#.#.##########.
.#.......................
..............###########>
###...#............ +.
#.#...........### #.
#.#...@#.###### { ..
#{#...5#.# ... #....#.#
.... #....#.# ####
......#.# .....#.##.#
....... .. .###.#. #.


You could see a lemure.

Vanquished Creatures
  An adder (D:3)
  3 orcs
  A bat (D:3)
  A hobgoblin (D:3)
  2 kobolds (D:5)
8 creatures vanquished.

Notes
Turn   | Place    | Note
-------+----------+-------------------------------------------
     0 | D:5      | petzl the Formicid Delver began the quest for the Orb.
     0 | D:5      | Reached XP level 1. HP: 18/18 MP: 1/1
    18 | D:5      | Noticed a kobold brigand
    52 | D:5      | Reached skill level 1 in Spellcasting
    71 | D:6      | Noticed a sky beast
    85 | D:5      | Noticed an iguana
    88 | D:5      | Noticed a water moccasin
   150 | D:5      | Noticed a hound
   193 | D:3      | Reached XP level 2. HP: 24/24 MP: 2/4
   338 | D:4      | Noticed Pikel
   338 | D:4      | Noticed a lemure
   338 | D:4      | Noticed a lemure
   338 | D:4      | Noticed a lemure
   338 | D:4      | Noticed a lemure
   348 | D:3      | Slain by a lemure

Illustrated notes

Levels and vault maps discovered:
D:3:      layout_basic, mainiacjoe_overflow_surrounded_room,
          jmf_multi_god_temple2, uniq_natasha
D:4:      layout_basic, grunt_temple_overflow_lords_of_destruction,
          mainiacjoe_overflow_alcove_4, serial_bayou_pond_a, uniq_pikel
D:5:      layout_rooms, mainiacjoe_overflow_paths, fedhas_altar_4,
          nrook_loot_triangle, patterned_corridor
D:6:      layout_loops_ring, mainiacjoe_overflow_24_doors,
          mainiacjoe_overflow_tiny_flanked
D:7:      hellmonk_destroyed_diamonds, layout_basic,
          mainiacjoe_overflow_brackets, minmay_temple_entry_glassed_door,
          ebering_ghost_rock_garden, nicolae_underground_beach, uniq_jeremiah,
          uniq_duvessa

Skill      XL: |  1  2 |
---------------+-------+-----
Spellcasting   | 1 2 |  2.3
Fighting       | |  3.2
Maces & Flails | |  2.0
Dodging        | |  1.7
Stealth        | |  6.0

Action                     || total
---------------------------++-------
  Melee: Mace              ||    37
Ability: Shaft Self        ||     1
    Use: Scroll            ||     1
   Stab: Sleeping          ||     2
 Armour: Leather armour    ||    36
  Dodge: Dodged            ||    34

Table legend: (Time is in decaauts)
 A = Elapsed time spent in this place.
 B = Non-inter-level travel time spent in this place.
 C = Inter-level travel time spent in this place.
 D = Time resting spent in this place.
 E = Time spent auto-exploring this place.
 F = Levels seen in this place.
 G = Mean time per level.
                   A        B        C        D        E       F      G
               +--------+--------+--------+--------+--------+-----+--------+
         Total |    361 |    361 |      0 |    110 |     40 |   5 |   72.2 |
       Dungeon |    361 |    361 |      0 |    110 |     40 |   5 |   72.2 |
               +--------+--------+--------+--------+--------+-----+--------+

Top non-repeatable levels by time:
     D:3: 188 daAuts
     D:5: 103 daAuts
     D:6: 37 daAuts
     D:4: 26 daAuts
     D:7: 5 daAuts
